AoeStats
← Franz

Golden Pit

507529677Analyzed
1v1 RM · 14d ago on Sep 18, 2026· 68m 54s· 2 players
Game mode
Random Map
Map size
Tiny (2 player)
Population
200
Speed
Normal
Resources
Standard
Victory
Conquest
Starting age
Dark Age
Ending age
Imperial Age
RankedLock teamsTeams togetherTeam positionsShared explorationLock speedFull tech treeHidden civsTurbo modeCheats
Victory
Defeat
🇫🇷 Spanish · France
816
+21
🇬🇧 Wu · United Kingdom
795
-15
info
10:18 Feudal Age
10:33 Loom
12:25 Double-Bit Axe
20:08 Castle Age
18:56 Gold Mining
19:55 Fletching
20:06 Scale Mail Armor
21:55 Horse Collar
23:25 Bodkin Arrow
23:48 Chain Mail Armor
24:09 Bow Saw
24:39 Squires
26:29 Crossbowman
26:33 Elite Skirmisher
28:15 Scale Barding Armor
30:06 Bloodlines
29:57 Husbandry
31:38 Forging
32:19 Ballistics
38:57 Imperial Age
36:51 Padded Archer Armor
41:56 Chemistry
41:02 Bracer
46:05 Chain Barding Armor
56:41 Heavy Hei Guang Cavalry
63:09 Iron Casting
Franz
7:03 Loom
9:51 Feudal Age
11:23 Double-Bit Axe
11:53 Horse Collar
18:50 Forging
19:43 Scale Barding Armor
19:44 Gold Mining
20:37 Wheelbarrow
20:25 Fletching
23:38 Castle Age
23:29 Bloodlines
24:43 Bow Saw
24:37 Heavy Plow
26:36 Hand Cart
28:43 Bodkin Arrow
28:45 Town Watch
29:06 Padded Archer Armor
31:32 Leather Archer Armor
32:24 Chain Barding Armor
33:17 Iron Casting
33:20 Thumb Ring
36:39 Town Patrol
39:25 Imperial Age
37:45 Sanctity
42:27 Elite Conquistador
48:33 Hoardings
48:24 Conscription
48:19 Husbandry
49:19 Hoardings
48:15 Sappers
48:25 Cavalier
50:15 Blast Furnace
53:25 Conscription
54:03 Plate Barding Armor
53:35 Bracer
54:05 Ring Archer Armor
54:47 Chemistry
54:09 Ballistics
56:06 Masonry
56:04 Paladin
66:56 Scale Mail Armor
Connection lost

Rejoining the realm…

Still unreachable

The connection could not be restored.

Session expired

The server has moved on; the page needs a fresh start.